 Dungeon Crawl Stone Soup version 0.19.5 (webtiles) character file.

54 Locuples the Stinger (level 3, -1/28 HPs)
             Began as a Naga Venom Mage on May 5, 2017.
             Was a Follower of Uskayaw.
             Slain by an adder (4 damage)
             ... on level 2 of the Dungeon.
             The game lasted 00:06:09 (1165 turns).

Locuples the Stinger (Naga Venom Mage)              Turns: 1165, Time: 00:06:09

Health: -1/28      AC:  2    Str: 10    XL:     3   Next: 91%
Magic:  0/6        EV: 10    Int: 16    God:    Uskayaw [*.....]
Gold:   47         SH:  0    Dex: 11    Spells: 1 memorised, 5 levels left

rFire  . . .     SeeInvis +     (no weapon)
rCold  . . .     Gourm    .     a - +0 robe
rNeg   . . .     Faith    .     (no shield)
rPois  +         Spirit   .     (no helmet)
rElec  .         Reflect  .     (no cloak)
rCorr  .         Harm     .     (no gloves)
MR     .....                    (no barding)
Stlth  ++........               (no amulet)
                                (no ring)
                                (no ring)

@: lethally poisoned (-1 -> -2), very slow
A: see invisible, deformed body, poison resistance, slowness 2, slow metabolism
1, spit poison 1, AC +1
a: Spit Poison, Stomp, Renounce Religion


You were on level 2 of the Dungeon.
You worshipped Uskayaw.
Uskayaw was noncommittal.
You were not hungry.

You visited 1 branch of the dungeon, and saw 2 of its levels.

You collected 47 gold pieces.

Inventory:

Armour
 a - a +0 robe (worn)
Scrolls
 h - a scroll of enchant armour {unknown}
Potions
 d - a potion of heal wounds
 e - a potion of brilliance {unknown}
 i - a potion of mutation {unknown}
 k - a potion of lignification {unknown}
Books
 b - a Young Poisoner's Handbook

   Spells                             Type                      Level
   a - Sting                          Conjuration/Poison           1
   b - Mephitic Cloud                 Conjuration/Poison/Air       3
   c - Olgreb's Toxic Radiance        Poison                       4
   d - Alistair's Intoxication        Transmutation/Poison         5
   e - Venom Bolt                     Conjuration/Poison           5
Comestibles
 c - 4 bread rations
 f - a royal jelly
 g - 2 chunks of flesh


   Skills:
 - Level 1.5 Dodging
 - Level 3.0 Stealth
 + Level 2.3 Spellcasting
 + Level 6.8 Poison Magic


You had 5 spell levels left.
You knew the following spells:

 Your Spells              Type           Power        Failure   Level  Hunger
a - Sting                 Conj/Pois      ##..         6%          1    #......


Dungeon Overview and Level Annotations

Branches:
Dungeon (2/15)

Altars:
Uskayaw


Innate Abilities, Weirdness & Mutations

You cannot wear boots.
Your serpentine skin is tough. (AC +1)
You have supernaturally acute eyesight. (SInv)
Armour fits poorly on your strangely shaped body.
Your system is resistant to poisons. (rPois)
You cover ground very slowly.
You have a slow metabolism.
You can spit poison.


Message History

You barely miss the adder.
The adder is moderately wounded.
The adder bites you.
* * * LOW HITPOINT WARNING * * *
You closely miss the adder.
The adder is moderately wounded.
The adder barely misses you. The adder closely misses you.
You closely miss the adder.
The adder is moderately wounded.
You feel sick. The adder closely misses you.
You miss the adder.
The adder is moderately wounded.
The adder bites you.
* * * LOW HITPOINT WARNING * * *
You closely miss the adder.
The adder is moderately wounded.
The adder bites you.
* * * LOW HITPOINT WARNING * * *
The adder bites you.
You die...

##.....†.# #.###...#.....#
.......:.#.# #.# #..#_#.>.....
##......##.# #.# #...#..##.###
##......##.#####.###......# #
#######.##........##.#..###
.........#.#......##.#.##
#######..#.#......##.#.# .#
#..#.#......##.#.# .#
#....#.###@###.#.# .# #.#..#.#
#S###.#.# .+ ...#..#.#
#.....#^# .#
#####.>..#########.# .+
...................######## .#
###############)..........# .#
##.........#.#
##################..........#.#
....................#########.#


You could see an adder.

Vanquished Creatures
  2 adders (D:2)
  An ooze (D:2)
  2 dart slugs
  A leopard gecko (D:1)
  4 bats (D:1)
  A giant cockroach (D:1)
  2 goblins (D:1)
  6 hobgoblins
  5 kobolds (D:1)
  A frilled lizard (D:1)
  A rat (D:1)
26 creatures vanquished.

Notes
Turn   | Place    | Note
-------+----------+-------------------------------------------
     0 | D:1      | Locuples the Naga Venom Mage began the quest for the Orb.
     0 | D:1      | Reached XP level 1. HP: 15/15 MP: 3/3
   139 | D:1      | Reached XP level 2. HP: 22/22 MP: 1/5
   307 | D:1      | Reached skill level 6 in Poison Magic
   699 | D:1      | Reached XP level 3. HP: 28/28 MP: 3/6
  1110 | D:2      | Found a faded altar of an unknown god.
  1117 | D:2      | Became a worshipper of Uskayaw the Reveler
  1117 | D:2      | Reached * piety under Uskayaw
  1165 | D:2      | Slain by an adder

Skill      XL: |  1  2 |
---------------+-------+-----
Poison Magic   | 6 |  6.8
Dodging        | |  1.5
Stealth        | |  3.0
Spellcasting   | |  2.3

Action                   || total
-------------------------++-------
Melee: Unarmed           ||    13
 Cast: Sting             ||    67
 Abil: Spit Poison       ||    11
  Use: Scroll            ||     1
       Potion            ||     1
  Eat: Chunk             ||     2
Armor: Robe              ||     7
Dodge: Dodged            ||    28
